 Dungeon Sprint DCSS version 0.30-a0-12-gd8047c6341 (webtiles) character file.

Game seed: 12699962515538709585

118 Hubris850 the Cleaver (level 5, 0/70 (75) HPs)
             Began as a Hill Orc Monk on Aug 23, 2022.
             Slain by a necrophage (7 damage)
             ... in the Dungeon (Sprint II: "The Violet Keep of Menkaure").
             The game lasted 00:00:32 (33 turns).

Hubris850 the Cleaver (Hill Orc Monk)                 Turns: 33, Time: 00:00:33

HP:   0/70 (75)     AC:  2    Str: 16    XL:     5   Next: 2%
MP:   5/5           EV: 13    Int: 10    God:
Gold: 0             SH:  0    Dex: 13    Spells: 4/4 levels left

rFire   . . .      SeeInvis .    a - +0 hand axe
rCold   . . .      Faith    .    (no shield)
rNeg    . . .      Spirit   .    b - +0 robe
rPois   .          Reflect  .    (no helmet)
rElec   .          Harm     .    (no cloak)
rCorr   .          Rampage  .    (no gloves)
Will    .....      NoTele   +    (no boots)
Stlth   ..........               (no amulet)
HPRegen 0.21/turn                (no ring)
MPRegen 0.09/turn                (no ring)

@: berserking (expiring), drained, very quick
A: no striking features
a: no special abilities


You were in the Dungeon.
You visited 1 branch

Inventory:

Hand Weapons
 a - a +0 hand axe (weapon)
Armour
 b - a +0 robe (worn)
Scrolls
 i - a scroll of blinking
Potions
 c - a potion of ambrosia
 d - a potion of curing
 e - a potion of heal wounds
 f - a potion of haste
 g - 2 potions of magic


   Skills:
 - Level 6.0 Fighting
 + Level 10.2 Axes
 - Level 4.3 Dodging
 - Level 2.0 Stealth


You had 4 spell levels left.
You didn't know any spells.
Your spell library was empty.

Dungeon Overview and Level Annotations

Branches:
Dungeon (1/1)

Altars:


Message History

A red film seems to cover your vision as you go berserk!
You feel yourself moving faster!
You feel mighty! The necrophage hits you.
* * * LOW HITPOINT WARNING * * *
You slash the necrophage!
The necrophage is moderately damaged.
You closely miss the necrophage.
The necrophage is moderately damaged.
The necrophage misses you.
You slash the necrophage!
The necrophage is almost destroyed.
The necrophage barely misses you.
You slash the necrophage!
You destroy the necrophage!
Your Axes skill gained 4 levels and is now at level 10!
You have reached level 4!
You have reached level 5!
You feel stronger. The necrophage barely misses you. The necrophage hits you.
* * * LOW HITPOINT WARNING * * *
You feel drained.
* * * LOW HITPOINT WARNING * * *
There is an open door here.
You see here a necrophage corpse.
You closely miss the necrophage. You barely miss the necrophage.
You barely miss the necrophage. You slash the necrophage!
The necrophage misses you. The necrophage closely misses you.
You hit the necrophage.
The necrophage is lightly damaged.
You closely miss the necrophage. You closely miss the necrophage.
You punch the necrophage.
The necrophage is moderately damaged.
You barely miss the necrophage. The necrophage hits you.
* * * LOW HITPOINT WARNING * * *
You feel drained.
* * * LOW HITPOINT WARNING * * *
The necrophage closely misses you.
You closely miss the necrophage.
The necrophage is moderately damaged.
You hit the necrophage. The necrophage hits you!
You die...

## # ##.#
#+# .#
#..n##.##l#
#@.<.+#
#..n##.##.#
##.# #+# l#
## #


You could see 2 necrophages.

Vanquished Creatures
  2 necrophages (D)
2 creatures vanquished.

Notes
Turn   | Place    | Note
-------+----------+-------------------------------------------
     0 | D        | Hubris850 the Hill Orc Monk began the quest for the Orb.
     0 | D        | Reached XP level 1. HP: 19/19 MP: 1/1
     1 | D        | Noticed a wyvern
     1 | D        | Noticed a wyvern
     6 | D        | Noticed a necrophage
     6 | D        | Noticed a necrophage
     6 | D        | Noticed a necrophage
     6 | D        | Noticed a necrophage
    19 | D        | Killed a necrophage
    20 | D        | Reached skill level 6 in Axes
    20 | D        | Reached XP level 2. HP: 8/30 MP: 2/2
    20 | D        | Reached XP level 3. HP: 10/37 MP: 3/3
    27 | D        | Killed a necrophage
    28 | D        | Reached skill level 10 in Axes
    28 | D        | Reached XP level 4. HP: 14/44 MP: 4/4
    28 | D        | Reached XP level 5. HP: 16/50 MP: 5/5
    33 | D        | Slain by a necrophage

Illustrated notes

Levels and vault maps discovered:
D:        the_violet_keep_of_menkaure [sprint2_stairs_cluster_1,
          sprint2_shoproom, sprint2_temple, sprint2_basic_supplies,
          sprint2_obstacle_6, sprint2_obstacle_7, sprint2_obstacle_5,
          sprint2_obstacle_3, sprint2_obstacle_4, sprint2_timed_cluster_1,
          sprint2_smallroom_cluster_1, sprint2_smallroom_final_cluster_1,
          sprint2_transparent_cluster_1, sprint2_second_timed_cluster_1,
          sprint2_sniper_area_1, sprint2_heavy_combat_area_1,
          sprint2_mutation_trap_area_1, sprint2_forest_area_1,
          sprint2_light_combat_area_1, sprint2_behind_water_1,
          sprint2_near_end_vault_1]

Skill      XL: |  1  2  3 |
---------------+----------+-----
Fighting       | 6 |  6.0
Axes           | 6 10 | 10.2
Dodging        | 4 |  4.3
Stealth        | 2 |  2.0

Action                   |  1- 3 |  4- 6 || total
-------------------------+-------+-------++-------
Melee: Hand axe          |    19 |     5 ||    24
       Punch             |     1 |     1 ||     2
  Use: Potion            |     1 |       ||     1
Armor: Robe              |     1 |       ||     1
Dodge: Dodged            |    11 |     4 ||    15

Table legend: (Time is in decaauts)
 A = Elapsed time spent in this place.
 B = Non-inter-level travel time spent in this place.
 C = Inter-level travel time spent in this place.
 D = Time resting spent in this place.
 E = Time spent auto-exploring this place.
 F = Levels seen in this place.
 G = Mean time per level.
                   A        B        C        D        E       F      G
               +--------+--------+--------+--------+--------+-----+--------+
         Total |     30 |     30 |      0 |      0 |      0 |   1 |   30.0 |
       Dungeon |     30 |     30 |      0 |      0 |      0 |   1 |   30.0 |
               +--------+--------+--------+--------+--------+-----+--------+

Top non-repeatable levels by time:
       D: 30 daAuts
